 Dungeon Crawl Stone Soup version 0.31-a0-1074-g0b22e4e0f1 (webtiles) character file.

Game seed: 12443804271807105361

306 nucleargodhead the Shooter (level 6, -6/55 HPs)
             Began as a Minotaur Hunter on Nov 26, 2023.
             Mangled by an ogre
             ... wielding a +0 giant club
              (23 damage)
             ... on level 4 of the Dungeon.
             The game lasted 00:04:37 (2996 turns).

nucleargodhead the Shooter (Minotaur Hunter)        Turns: 2996, Time: 00:04:38

Health: -6/55      AC:  8    Str: 15    XL:     6   Next: 16%
Magic:  5/5        EV:  7    Int:  6    God:
Gold:   102        SH:  0    Dex: 16    Spells: 5/5 levels left

rFire   . . .        a - +0 shortbow
rCold   . . .        (shield currently unavailable)
rNeg    . . .        m - +0 chain mail
rPois   .            (helmet restricted)
rElec   .            (no cloak)
rCorr   .            (no gloves)
SInv    .            (no boots)
Will    .....        (no amulet) Stlth
                     (no ring)
HPRegen 0.29/turn    (no ring)
MPRegen 0.09/turn

%: no passive effects
@: no status effects
A: horns 2, retaliatory headbutt
a: no special abilities


You were on level 4 of the Dungeon.
You visited 1 branch of the dungeon, and saw 4 of its levels.

You collected 102 gold pieces.

Inventory:

Hand Weapons
 a - a +0 shortbow (weapon)
Armour
 f - a +1 ring mail of fire resistance
 m - a +0 chain mail (worn)
 n - a +0 plate armour
Scrolls
 b - a scroll of butterflies
 c - a scroll of poison {unknown}
 d - 2 scrolls of enchant weapon {unknown}
 e - 4 scrolls of identify {unknown}
 h - a scroll of summoning {unknown}
 k - a scroll of enchant armour {unknown}
 l - a scroll of vulnerability {unknown}
 o - 2 scrolls of teleportation {unknown}
Potions
 g - a potion of degeneration {unknown}
 i - a potion of curing {unknown}
 j - a potion of ambrosia {unknown}


   Skills:
 + Level 4.9 Fighting
 * Level 7.2 Ranged Weapons
 - Level 2.1 Dodging
 - Level 0.7 Stealth


You had 5 spell levels left.
You didn't know any spells.
Your spell library contained the following spells:

 Spells                   Type           Power      Damage    Failure   Level
 Blink                    Tloc           0%         N/A       100%        2
 Lesser Beckoning         Tloc           0%         N/A       100%        2
 Momentum Strike          Conj/Tloc      0%         3d8       100%        2
 Dazzling Flash           Conj/Hex       0%         N/A       100%        3
 Agony                    Necr           0%         N/A       100%        5
 Silence                  Hex/Air        0%         N/A       100%        5


Dungeon Overview and Level Annotations

Branches:
Dungeon (4/15)
 Temple: D:4-7

Altars:

Shops:
D:1 !


Innate Abilities, Weirdness & Mutations

You have a pair of horns on your head.
You reflexively headbutt those who attack you in melee.


Message History

The worm bites you.
A worm is nearby!
You shoot an arrow. The arrow hits the worm!
The worm is almost dead.
The worm bites you but does no damage.
You shoot an arrow. The arrow hits the worm.
The worm is almost dead.
You shoot an arrow. The arrow hits the worm!
You kill the worm!
No target in view!
No target in view!
HP restored.
There is an open door here.
You see here a worm corpse.
Key pressed, stopping explore.
An ogre comes into view. It is wielding a +0 giant club.
The ogre shouts!
An ogre is nearby!
You shoot an arrow. The arrow hits the ogre.
The ogre is lightly wounded.
You shoot an arrow. The arrow hits the ogre.
The ogre is moderately wounded.
A hobgoblin comes into view.
You shoot an arrow. The arrow barely misses the ogre.
You shoot an arrow.
The arrow hits the ogre but does no damage.
The ogre is moderately wounded.
A phantom comes into view.
The ogre hits you with a +0 giant club!!
You shoot an arrow. The arrow hits the ogre.
The ogre is moderately wounded.
You shoot an arrow. The arrow hits the ogre.
The ogre is moderately wounded.
The ogre hits you with a +0 giant club!!
* * * LOW HITPOINT WARNING * * *
You are too injured to fight recklessly!
You are too injured to fight recklessly!
The ogre attacks as it pursues you!
The ogre hits you with a +0 giant club!!
You die...

#........#
#........#
#........#
#........#
#..W.....#
#........#
#...g....#
#..O.....#
#..@.....#
#........# #####
#........# #...#
#........######...+
#.........#..##...#.
#...#######..##...#.
#...##...##.......#.
#........##..##...#
#........##..##...#.


You could see an ogre, a phantom and a hobgoblin.

Vanquished Creatures
  2 orc priests
  An orc wizard (D:2)
  Natasha (twice) (D:2)
  7 adders
  A worm (D:4)
  3 dart slugs
  15 orcs
  4 bats
  8 endoplasms
  5 giant cockroaches
  5 goblins
  5 hobgoblins
  3 jackals (D:3)
  3 kobolds
  6 quokkas
  5 ball pythons
  4 frilled lizards
  5 rats
84 creatures vanquished.

Notes
Turn   | Place    | Note
-------+----------+-------------------------------------------
     0 | D:1      | nucleargodhead the Minotaur Hunter began the quest for the
                  | Orb.
     0 | D:1      | Reached XP level 1. HP: 18/18 MP: 0/0
    16 | D:1      | Found Osami's Distillery.
   127 | D:1      | Reached XP level 2. HP: 20/25 MP: 1/1
   260 | D:1      | Found a faded altar of an unknown god.
   303 | D:1      | Reached skill level 5 in Ranged Weapons
   637 | D:1      | Reached XP level 3. HP: 27/31 MP: 2/2
  1110 | D:2      | Reached XP level 4. HP: 38/38 MP: 3/3
  1122 | D:2      | Noticed Natasha
  1131 | D:2      | Killed Natasha
  1360 | D:2      | Reached skill level 6 in Ranged Weapons
  1424 | D:2      | Noticed Natasha
  1435 | D:2      | Killed Natasha
  1718 | D:3      | Reached XP level 5. HP: 40/46 MP: 4/4
  2620 | D:4      | Reached skill level 7 in Ranged Weapons
  2620 | D:4      | Reached XP level 6. HP: 5/55 MP: 5/5
  2996 | D:4      | Mangled by an ogre

Illustrated notes

Levels and vault maps discovered:
D:1:      heliophobic_arrival_enchanted_forest, layout_basic, serial_shops,
          shop, ebering_ecumenical_altar_mist
D:2:      layout_rooms, minmay_misc_feat_diagonals, uniq_natasha
D:3:      layout_basic, grunt_decor_resistance, st_stairs_4
D:4:      layout_gridville

Skill      XL: |  1  2  3  4  5 |
---------------+----------------+-----
Ranged Weapons | 5 6 7 |  7.2
Fighting       | 3 4 |  4.9
Dodging        | |  2.1
Stealth        | |  0.7

Action                     |  1- 3 |  4- 6 || total
---------------------------+-------+-------++-------
   Fire: Shortbow          |    99 |   175 ||   274
 Armour: Leather armour    |     4 |       ||     4
         Ring mail         |    35 |    30 ||    65
         Chain mail        |       |    86 ||    86
  Dodge: Dodged            |    34 |    54 ||    88

Table legend: (Time is in decaauts)
 A = Elapsed time spent in this place.
 B = Non-inter-level travel time spent in this place.
 C = Inter-level travel time spent in this place.
 D = Time resting spent in this place.
 E = Time spent auto-exploring this place.
 F = Levels seen in this place.
 G = Mean time per level.
                   A        B        C        D        E       F      G
               +--------+--------+--------+--------+--------+-----+--------+
         Total |   3094 |   3032 |     62 |    480 |   1959 |   4 |  773.5 |
       Dungeon |   3094 |   3032 |     62 |    480 |   1959 |   4 |  773.5 |
               +--------+--------+--------+--------+--------+-----+--------+

Top non-repeatable levels by time:
     D:3: 1109 daAuts
     D:1: 891 daAuts
     D:2: 862 daAuts
     D:4: 230 daAuts
